 Dungeon Crawl Stone Soup version 0.26-a0-610-g3e9335bbc7 (webtiles) character file.

Game seed: 18130778231385314164

2447 MrRokkomies the Geomancer (level 9, 0/51 HPs)
             Began as an Octopode Earth Elementalist on Sept 4, 2020.
             Was a Follower of Dithmenos.
             Killed from afar by an orc wizard (6 damage)
             ... with a magic dart
             ... on level 6 of the Dungeon.
             The game lasted 00:17:29 (9823 turns).

MrRokkomies the Geomancer (OpEE)                    Turns: 9823, Time: 00:17:29

Health: 0/51       AC:  1    Str:  7    XL:     9   Next: 49%
Magic:  7/12       EV: 16    Int: 20    God:    Dithmenos [*.....]
Gold:   347        SH: 11    Dex: 13    Spells: 2/12 levels left

rFire    . . .     SeeInvis .   a - +2 dagger (venom)
rCold    . . .     Faith    .   f - +1 buckler
rNeg     + . .     Spirit   .   (helmet restricted)
rPois    +         Reflect  +   u - amulet of reflection
rElec    .         Harm     .   p - ring of positive energy
rCorr    .                      v - ring of poison resistance
MR       .....                  z - ring of stealth
Stlth    ++++++....             (no ring)
HPRegen  0.17/turn              (no ring)
MPRegen  0.13/turn              (no ring)
                                (no ring)
                                (no ring)

@: wreathed by umbra
A: almost no armour, stealthy swim, amphibious, 8 rings, constrict 8, camouflage
1, gelatinous body 1
a: Renounce Religion


You were on level 6 of the Dungeon.
You worshipped Dithmenos.
Dithmenos was aware of your devotion.
You visited 2 branches of the dungeon, and saw 9 of its levels.
You also visited: Sewer.

You collected 347 gold pieces.

Inventory:

Hand Weapons
 a - a +2 dagger of venom (weapon)
 b - the +4 falchion of Mandamus {freeze, Dex+3 SInv}
   (You found it on level 7 of the Dungeon)

   It has been specially enchanted to freeze those struck by it, causing extra
   injury to most foes and up to half again as much damage against particularly
   susceptible opponents.
   It can also slow down cold-blooded creatures.
   It affects your dexterity (+3).
   It lets you see invisible.
 F - the +11 great mace of Sulphur {vorpal, *Slow +Blink rElec Str+4}
   (You took it off a big kobold on level 6 of the Dungeon)

   It inflicts extra damage upon your enemies.
   It affects your strength (+4).
   It insulates you from electricity.
   It lets you blink.
   It may slow you when you take damage.
Missiles
 t - 33 poisoned darts (quivered)
 C - 92 stones
Armour
 f - a +1 buckler (worn)
 G - a +2 kite shield
Jewellery
 p - a ring of positive energy (left tentacle)
 u - an amulet of reflection (around mantle)
 v - a ring of poison resistance (right tentacle)
 z - a ring of stealth (on tentacle)
Wands
 w - a wand of polymorph (8)
 H - a wand of disintegration (6)
Scrolls
 n - 4 scrolls of magic mapping
 r - a scroll of amnesia
 s - 3 scrolls of remove curse
 x - a scroll of teleportation
 y - 8 scrolls of identify
 K - a scroll of enchant armour
Potions
 d - 6 potions of curing
 g - 3 potions of brilliance {unknown}
 h - 2 potions of degeneration {unknown}
 i - 3 potions of cancellation {unknown}
 j - a potion of ambrosia {unknown}
 k - 3 potions of haste
 l - a potion of mutation {unknown}
 m - 3 potions of flight {unknown}
 o - 2 potions of magic {unknown}
 q - a potion of might {unknown}
 A - a potion of invisibility {unknown}
 I - a potion of lignification {unknown}
 J - a potion of berserk rage {unknown}


   Skills:
 * Level 6.2 Dodging
 + Level 7.6 Stealth
 - Level 4.0 Shields
 - Level 2.0 Spellcasting
 + Level 4.8 Transmutations
 * Level 8.0 Earth Magic


You had 2 spell levels left.
You knew the following spells:

 Your Spells              Type           Power        Failure   Level
a - Sandblast             Erth           ####..       1%          1
b - Passwall              Tmut/Erth      ####....     1%          2
c - Petrify               Tmut/Erth      ####....     11%         4
d - Stone Arrow           Conj/Erth      ###...       9%          3

Your spell library contained the following spells:

 Spells                   Type           Power        Failure   Level
 Lee's Rapid Deconstruct  Erth           ####......   16%         5


Dungeon Overview and Level Annotations

Branches:
Dungeon (8/15)             Temple (1/1) D:6           Sewer (visited)
   Lair: D:8-11

Altars:
Ashenzari
Cheibriados
Dithmenos
Elyvilon
Hepliaklqana
Kikubaaqudgha
Qazlal
Ru
Sif Muna
Trog
Uskayaw
Vehumet
Yredelemnul
Zin

Annotations:
D:3 Grinder
D:6 2 runed translucent doors


Innate Abilities, Weirdness & Mutations

You cannot wear most types of armour.
You are very stealthy in the water. (Stealth+)
You are amphibious.
You can wear up to eight rings at the same time.
You can use your tentacles to constrict eight enemies at once.
Your skin changes colour to match your surroundings (Stealth+).
Your rubbery body absorbs attacks. (AC +1, EV +1)


Message History

You release your grip on the orc warrior.
Evoke which item? (* to show all) (? for menu, Esc to quit)
Aiming: Disintegrate
Press: ? - help, Shift-Dir - straight line, f - orc warrior
Aim: an orc warrior, wielding a +0 battleaxe and wearing a +0 chain mail (lightly wounded, chance to defeat MR: 65%)
The orc warrior is blasted!
You see here a +0 morningstar.
As you read the scroll of fear, it crumbles to dust.
You assume a fearsome visage.
The orc warrior looks frightened!
Cornered, the orc warrior turns to fight!
The orc wizard hits you with a +0 dagger.
* * * LOW HITPOINT WARNING * * *
The orc wizard hits you with a +0 dagger.
* * * LOW HITPOINT WARNING * * *
The orc wizard looks encouraged for a moment.
You hit the orc wizard but do no damage.
Your grab misses the orc wizard. The orc wizard casts a spell at you.
The magic dart hits you.
You die...

..#......)##..# #......# #.##
#.#.......###.#######.###### #..#
....#.....##........z.# ##z#
##...........#z######## #)#
##........####..# #o# ......#####
##.# #.# ###.#..# #.## #.#
.##....## #.o## #.#
........########@.####### #.#
.........[.....##...#...## #.#
........###.##...........######.#
#...........###..................
..###..###......................#
.........##...................#.#
.####........###...........>..#†#
.......#.................>....#.#
##...............................


You could see a wight and an orc wizard.

Vanquished Creatures
  2 wyverns
  Purgy (Sewer)
  2 orc warriors
  An ice beast (D:6)
  A necrophage (D:7)
  A black bear (D:6)
  5 ogres
  A centaur (D:7)
  A big kobold (D:6)
  A bullfrog (D:7)
  A bullfrog zombie (D:5)
  2 centaur zombies
  2 orc priests
  2 hounds
  2 jellies
  A bullfrog skeleton (D:6)
  4 orc wizards
  3 centaur skeletons
  Crazy Yiuf (D:3)
  Jessica (D:3)
  An iguana (D:5)
  5 worker ants
  A hound zombie (D:6)
  A hound skeleton (D:4)
  A worker ant zombie (D:5)
  A gnoll (D:1)
  8 adders
  2 white imps (D:6)
  An ooze (D:1)
  2 adder skeletons
  3 worms
  5 dart slugs
  5 leopard geckos
  17 orcs
  2 ball pythons
  8 bats
  6 giant cockroaches
  7 goblins
  5 hobgoblins
  8 jackals
  7 quokkas
  11 frilled lizards
  A jackal skeleton (D:4)
  5 kobolds
  A quokka skeleton (D:6)
  8 rats
157 creatures vanquished.

Vanquished Creatures (others)
  3 plants (D:5)
3 creatures vanquished.

Grand Total: 160 creatures vanquished

Notes
Turn   | Place    | Note
-------+----------+-------------------------------------------
     0 | D:1      | MrRokkomies the Octopode Earth Elementalist began the quest
                  | for the Orb.
     0 | D:1      | Reached XP level 1. HP: 11/11 MP: 3/3
   286 | D:1      | Reached XP level 2. HP: 11/17 MP: 0/5
   747 | D:1      | Reached XP level 3. HP: 21/21 MP: 6/6
  1303 | D:1      | Reached XP level 4. HP: 21/27 MP: 1/7
  1368 | D:1      | Learned a level 2 spell: Passwall
  1373 | D:1      | Learned a level 4 spell: Petrify
  2216 | D:2      | Reached skill level 4 in Earth Magic
  2345 | D:3      | Noticed Jessica
  2351 | D:3      | Killed Jessica
  2365 | D:3      | Noticed an ogre
  2367 | D:3      | Reached XP level 5. HP: 31/31 MP: 8/8
  2385 | D:3      | Killed an ogre
  2385 | D:3      | Reached skill level 1 in Shields
  2596 | D:3      | Found a faded altar of an unknown god.
  2704 | D:3      | Found a glowing drain.
  2714 | Sewer    | Entered a sewer
  2924 | Sewer    | Noticed Purgy
  2939 | Sewer    | Killed Purgy
  2939 | Sewer    | Reached XP level 6. HP: 27/36 MP: 5/9
  3400 | D:3      | Found a runed translucent door.
  3401 | D:3      | Noticed Crazy Yiuf
  3676 | D:3      | Noticed Grinder
  3681 | D:3      | Paralysed by Grinder for 4 turns
  3974 | D:4      | Reached skill level 5 in Earth Magic
  3974 | D:4      | Reached XP level 7. HP: 17/41 MP: 6/10
  4212 | D:4      | Reached skill level 5 in Stealth
  5629 | D:3      | Killed Crazy Yiuf
  5757 | D:5      | Entered Level 5 of the Dungeon
  6299 | D:5      | Reached skill level 6 in Earth Magic
  6299 | D:5      | Reached XP level 8. HP: 15/46 MP: 8/11
  6571 | D:5      | Learned a level 3 spell: Stone Arrow
  7212 | D:6      | Found a staircase to the Ecumenical Temple.
  7220 | Temple   | Entered the Ecumenical Temple
  7377 | Temple   | Became a worshipper of Dithmenos the Shadowed
  7773 | D:6      | Found a large runed translucent door.
  7774 | D:6      | Found a large runed translucent door.
  7775 | D:6      | Noticed a wyvern
  7779 | D:6      | Found a large runed translucent door.
  7779 | D:6      | Found a large runed translucent door.
  8105 | D:6      | Found a sacrificial altar of Ru.
  8105 | D:6      | Found a shattered altar of Ashenzari.
  8457 | D:6      | Identified the +11 great mace of Sulphur {vorpal, *Slow
                  | +Blink rElec Str+4}
  8469 | D:6      | Reached skill level 5 in Dodging
  8469 | D:6      | Reached skill level 7 in Earth Magic
  8990 | D:7      | Reached XP level 9. HP: 51/51 MP: 12/12
  9111 | D:7      | Got a dazzling falchion
  9112 | D:7      | Identified the +4 falchion of Mandamus {freeze, Dex+3 SInv}
                  | (You found it on level 7 of the Dungeon)
  9314 | D:7      | Reached * piety under Dithmenos
  9776 | D:6      | Reached skill level 8 in Earth Magic
  9823 | D:6      | Killed from afar by an orc wizard

Illustrated notes

Levels and vault maps discovered:
D:1:      mrwooster_arrival_arrow, layout_basic, supply_closet_lemuel,
          chequers_jeans, minmay_octomino_e4
D:2:      layout_basic, chequers_serial_rivers_small_b
D:3:      layout_basic, cheibrodos_sewer_entry_sluice,
          chequers_ecumenical_altar_simple, uniq_jessica, uniq_grinder,
          uniq_crazy_yiuf_cottage
D:4:      layout_layer_cave
D:5:      layout_loops_ring, minivault_24, serial_bayou_crossing
D:6:      layout_rooms, gammafunk_temple_overflow_elements,
          minmay_temple_entry_butterflies, minmay_hollow_rounded_squares
D:7:      wander_river, layout_basic
D:8:      layout_gridville, lemuel_hellish_altar, uniq_harold
Temple:   minmay_temple_bridge_abc

Skill      XL: |  1  2  3  4  5  6  7  8  9 |
---------------+----------------------------+-----
Stealth        | 3 4 5 6 7 |  7.6
Dodging        | 3 5 6 |  6.2
Earth Magic    | 4 5 6 7 8 |  8.0
Shields        | 2 3 4 |  4.0
Transmutations | 2 3 4 |  4.8
Spellcasting   | |  2.0

Action                   |  1- 3 |  4- 6 |  7- 9 || total
-------------------------+-------+-------+-------++-------
Melee: Unarmed           |    17 |       |       ||    17
       Constrict         |    10 |    21 |    42 ||    73
       Dagger            |    32 |   102 |   244 ||   378
       Tentacles         |     7 |    15 |    56 ||    78
       Falchion          |       |       |     5 ||     5
Throw: Dart              |       |     4 |     6 ||    10
 Cast: Sandblast         |    25 |    16 |    26 ||    67
       Petrify           |       |       |     9 ||     9
Evoke: Wand              |       |       |     2 ||     2
  Use: Scroll            |       |     9 |     6 ||    15
       Potion            |       |       |     2 ||     2
 Stab: Sleeping          |     8 |    21 |    30 ||    59
       Distracted        |       |     1 |       ||     1
       Petrified         |       |       |    19 ||    19
Armor: Skin              |     7 |     8 |     5 ||    20
Dodge: Dodged            |    43 |    65 |   114 ||   222
Block: Buckler           |       |    20 |   114 ||   134
       Rpst.: Falchion   |       |       |     3 ||     3

Table legend: (Time is in decaauts)
 A = Elapsed time spent in this place.
 B = Non-inter-level travel time spent in this place.
 C = Inter-level travel time spent in this place.
 D = Time resting spent in this place.
 E = Time spent auto-exploring this place.
 F = Levels seen in this place.
 G = Mean time per level.
                   A        B        C        D        E       F      G
               +--------+--------+--------+--------+--------+-----+--------+
         Total |   9827 |   9464 |    363 |    929 |   7149 |  10 |  982.7 |
       Dungeon |   9239 |   8917 |    322 |    929 |   6698 |   8 | 1154.9 |
        Temple |    176 |    135 |     41 |      0 |    134 |   1 |  176.0 |
         Sewer |    410 |    410 |      0 |      0 |    317 |   1 |  410.0 |
               +--------+--------+--------+--------+--------+-----+--------+

Top non-repeatable levels by time:
     D:4: 2037 daAuts
     D:1: 1597 daAuts
     D:6: 1561 daAuts
     D:3: 1225 daAuts
     D:5: 1076 daAuts
     D:7: 989 daAuts
     D:2: 745 daAuts
   Sewer: 410 daAuts
  Temple: 176 daAuts
     D:8: 5 daAuts
